 Dungeon Crawl Stone Soup version 0.29-a0-284-gf9362112df (webtiles) character file.

Game seed: 10937183731238982472

485 spaghetti the Ruffian (level 6, 0/47 HPs)
             Began as a Demonspawn Berserker on Mar 31, 2022.
             Was a Believer of Trog.
             Killed from afar by a dart slug (2 damage)
             ... with a slug dart
             ... on level 4 of the Dungeon.
             The game lasted 00:05:27 (4143 turns).

spaghetti the Ruffian (Demonspawn Berserker)        Turns: 4143, Time: 00:05:28

Health: 0/47       AC:  2    Str: 20    XL:     6   Next: 88%
Magic:  6/6        EV: 12    Int:  8    God:    Trog [**....]
Gold:   197        SH:  0    Dex: 14    Spells: 5/5 levels left

rFire   . . .      SeeInvis .   a - +0 mace {mace}
rCold   . . .      Faith    .   (no shield)
rNeg    . . .      Spirit   .   b - +0 animal skin
rPois   .          Reflect  .   (no helmet)
rElec   .          Harm     .   (no cloak)
rCorr   +          Rampage  .   (no gloves)
Will    .....                   (no boots)
Stlth   ++........              (no amulet)
HPRegen 0.15/turn               l - ring of resist corrosion
MPRegen 0.10/turn               (no ring)

@: no status effects
A: claws 1, thin skeletal structure 1
a: Renounce Religion, Berserk, Trog's Hand


You were on level 4 of the Dungeon.
You worshipped Trog.
Trog was pleased with you.
You visited 1 branch of the dungeon, and saw 4 of its levels.

You collected 197 gold pieces.


Innate Abilities, Weirdness & Mutations

You have sharp fingernails.
You have a somewhat thin skeletal structure. (Dex +2, Stealth+)


   Skills:
 - Level 3.0 Fighting
 - Level 3.2 Maces & Flails
 + Level 2.8 Throwing
 + Level 3.4 Armour
 - Level 1.7 Dodging
 * Level 4.4 Unarmed Combat


You had 5 spell levels left.
You didn't know any spells.
Your spell library contained the following spells:

 Spells                   Type           Power      Damage    Failure   Level
 Scorch                   Fire           0%         2d5       54%         2
 Flame Wave               Conj/Fire      0%         2d4       99%         4
 Summon Cactus Giant      Summ           0%         N/A       100%        6

Inventory:

Hand Weapons
 a - a +0 mace (weapon) {mace}
 d - a +2 antimagic dagger {short}
   (You found it on level 1 of the Dungeon)
 n - a +2 hunting sling of freezing {sling}
   (You took it off a goblin on level 3 of the Dungeon)
Missiles
 e - 30 stones (quivered) {throwing}
Armour
 b - a +0 animal skin (worn)
Jewellery
 l - a ring of resist corrosion (left claw)
   (You found it on level 3 of the Dungeon)
Wands
 f - a wand of flame (18)
   (You took it off Grinder on level 4 of the Dungeon)
Scrolls
 c - a scroll of identify {@r1}
 g - a scroll of immolation {unknown}
 j - a scroll of teleportation {unknown}
 k - a scroll of enchant armour {unknown}
 m - a scroll of magic mapping {unknown}
Potions
 i - 4 potions of might

Dungeon Overview and Level Annotations

Branches:
Dungeon (4/15)
 Temple: D:4-7

Altars:
Gozag

Annotations:
D:3 3 runed translucent doors, seaofthunder's ghost, amateur HOFi

............. ..
............ ...
#..........## ...#
............ ...w#
........... ......
#......... ......#
#......#
.......##.)...##### #.
.....hh@..<รท..##..#...
....#.K....)......... .
##.....)........ #
###...โ€ ....#.. ..
...####....(....# ###.#
...........(....##...
.###.#.#..#.....#.#
#..###..##..##.##
...###.......#...#


You could see a howler monkey (catching breath), a hound, a dart slug and a
kobold.


Message History

Unknown command.
You hit Grinder.
You kill Grinder!
Trog accepts your kill.
Your Armour skill increases to level 3!
Your Unarmed Combat skill increases to level 4!
Unknown command.
You start resting.
An adder is nearby! ๐Ÿ˜จ HP[+4]
You regained 4 hp, and now have 27/70 hp.
Unknown command.
Unknown command.
Unknown command.
Unknown command.
Unknown command.
An adder is nearby!
Unknown command.
Unknown command.
Unknown command.
An adder is nearby!
Throw: 34 stones {throwing}
Press: ? - help, Q - select action, (/) - cycle Shift-Dir - straight line, f - adder
Aim: an adder (wandering, hasn't noticed you, 42% to hit)
You throw a stone {throwing}.
The stone {throwing} barely misses the adder.
The adder hisses angrily. ๐Ÿ˜จ HP[+1] Throw: 33 stones {throwing}
Press: ? - help, Q - select action, (/) - cycle Shift-Dir - straight line, f/p - adder
Aim: an adder (42% to hit)
You throw a stone {throwing}.
The stone {throwing} completely misses the adder.
Throw: 32 stones {throwing}
Press: ? - help, Q - select action, (/) - cycle Shift-Dir - straight line, f/p - adder
Aim: an adder (42% to hit)
You throw a stone {throwing}. The stone {throwing} misses the adder.
Throw: 31 stones {throwing}
Press: ? - help, Q - select action, (/) - cycle Shift-Dir - straight line, f/p - adder
Aim: an adder (42% to hit)
You throw a stone {throwing}. The stone {throwing} hits the adder.
Your transformation is almost over.
The adder bites you.
* * * LOW HITPOINT WARNING * * *
You thump the adder!
You kill the adder!
Trog accepts your kill.
You feel yourself speed up.
You start resting.
You feel less wooden.
Your +0 animal skin unmelds from your body.
You recover from your berserk rage.
A kobold is nearby!
Unknown command. ๐Ÿ˜ฎ HP[-3]
You now have 47 max hp (-23).
Unknown command.
Unknown command.
You see here a wand of flame (18).
f - a wand of flame (18)
The kobold shouts!
A hound comes into view.
A dart slug comes into view.
The kobold hits you with a +0 dagger. ๐Ÿ˜ฎ HP[-1]
You take 1 damage, and now have 24/47 hp.
The hound barks!
You hit the kobold but do no damage.
A howler monkey comes into view.
The kobold completely misses you. ๐Ÿ˜ฎ HP[+1]
You closely miss the kobold. The kobold hits you with a +0 dagger.
* * * LOW HITPOINT WARNING * * *
The dart slug launches a dart at you. The slug dart misses you.
The hound bites you.
* * * LOW HITPOINT WARNING * * *
๐Ÿ˜จ HP[-6]
You take 6 damage, and now have 19/47 hp.
Unknown command.
You fail to use your ability.
The kobold hits you with a +0 dagger.
* * * LOW HITPOINT WARNING * * *
The hound closely misses you. ๐Ÿ˜จ HP[-4]
You take 4 damage, and now have 15/47 hp.
You barely miss the kobold. The hound bites you.
* * * LOW HITPOINT WARNING * * *
The kobold hits you with a +0 dagger.
* * * LOW HITPOINT WARNING * * *
The hound bites you.
* * * LOW HITPOINT WARNING * * *
The kobold hits you but does no damage. ๐Ÿ˜ฑ HP[-8]
You take 8 damage, and now have 7/47 hp.
You barely miss the kobold. Your claw misses the kobold. The hound bites you.
* * * LOW HITPOINT WARNING * * *
The howler monkey hoots and howls with incredible vigour!
The dart slug launches a dart at you. The slug dart hits you.
You die...

Skill      XL: |  1  2  3  4  5  6 |
---------------+-------------------+-----
Maces & Flails | 3 |  3.2
Unarmed Combat | 1 2 3 4 |  4.4
Throwing       | 1 2 |  2.8
Armour         | 2 3 |  3.4
Fighting       | |  3.0
Dodging        | |  1.7

Action                   |  1- 3 |  4- 6 || total
-------------------------+-------+-------++-------
Melee: Mace              |    93 |    98 ||   191
       Punch             |     1 |     2 ||     3
Throw: Stone             |    99 |    28 ||   127
Invok: Berserk           |     3 |     7 ||    10
       Trog's Hand       |       |     3 ||     3
  Use: Potion            |       |     3 ||     3
       Scroll            |       |     2 ||     2
 Stab: Sleeping          |     1 |       ||     1
Armor: Animal skin       |    30 |    20 ||    50
       Skin              |       |     1 ||     1
Dodge: Dodged            |    86 |    80 ||   166

Levels and vault maps discovered:
D:1:      wander_arrival_lonely_grave, layout_rooms
D:2:      layout_basic
D:3:      layout_basic, ebering_ghost_gozag, uniq_robin
D:4:      minmay_opposing_rooms, layout_cave_pools, lemuel_tele_altar,
          serial_shops, shop, minmay_pentomino_pile, uniq_blork_the_orc,
          uniq_grinder

Notes
Turn   | Place    | Note
-------+----------+-------------------------------------------
     0 | D:1      | spaghetti the Demonspawn Berserker began the quest for the
                  | Orb.
     0 | D:1      | Reached XP level 1. HP: 18/18 MP: 1/1
     0 | D:1      | magus.rc [v1.9.6]
    19 | D:1      | Reached skill level 3 in Maces & Flails
    30 | D:1      | Gained mutation: You have sharp fingernails. [demonic
                  | ancestry]
    30 | D:1      | Reached XP level 2. HP: 13/24 MP: 2/2
   267 | D:1      | HP: 8/36 [quokka (4)]
   268 | D:1      | HP: 3/36 [constriction (1)]
   269 | D:1      | HP: 1/36 [constriction (1)]
   908 | D:2      | Reached skill level 1 in Unarmed Combat
  1295 | D:2      | Gained mutation: You have a somewhat thin skeletal
                  | structure. (Dex +2, Stealth+) [demonic ancestry]
  1295 | D:2      | Reached XP level 3. HP: 27/29 MP: 3/3
  2160 | D:3      | Reached ** piety under Trog
  2181 | D:3      | Reached skill level 1 in Throwing
  2188 | D:3      | Reached skill level 2 in Armour
  2188 | D:3      | Reached skill level 2 in Unarmed Combat
  2493 | D:3      | Reached XP level 4. HP: 35/35 MP: 4/4
  2833 | D:3      | HP: 10/52 [orc/+0 short sword (5)]
  2834 | D:3      | HP: 4/52 [orc/+0 whip (3)]
  3252 | D:3      | Reached XP level 5. HP: 41/41 MP: 5/5
  3271 | D:3      | Noticed Robin
  3339 | D:3      | Killed Robin
  3340 | D:3      | Reached skill level 3 in Unarmed Combat
  3498 | D:3      | You pick up a book of Scorching {forbidden} and begin
                  | reading...
  3498 | D:3      | You add the spells Scorch, Flame Wave and Summon Cactus
                  | Giant to your library.
  3548 | D:3      | Found a runed translucent gate.
  3548 | D:3      | Found a runed translucent gate.
  3549 | D:3      | Found an opulent altar of Gozag.
  3549 | D:3      | Found a runed translucent gate.
  3553 | D:3      | Noticed a sky beast
  3553 | D:3      | Noticed seaofthunder's ghost (amateur HOFi)
  3714 | D:4      | Reached skill level 2 in Throwing
  3737 | D:4      | HP: 9/41 [adder (3)]
  3738 | D:4      | HP: 2/41 [kobold/+0 short sword (4)]
  3743 | D:3      | HP: 3/41 [poisoned by an adder]
  3744 | D:3      | HP: 1/41 [poisoned by an adder]
  3749 | D:3      | HP: 2/41 [poisoned by an adder]
  3795 | D:3      | Reached XP level 6. HP: 27/47 MP: 6/6
  4042 | D:4      | Noticed Grinder
  4074 | D:4      | Killed Grinder
  4075 | D:4      | Reached skill level 3 in Armour
  4075 | D:4      | Reached skill level 4 in Unarmed Combat
  4142 | D:4      | HP: 10/47 [kobold/+0 dagger (3)]
  4143 | D:4      | HP: 2/47 [hound (5)]
  4143 | D:4      | Killed from afar by a dart slug

Vanquished Creatures
  Grinder (D:4)
  A scorpion (D:4)
  A hound (D:3)
  An orc priest (D:3)
  An orc wizard (D:3)
  Robin (D:3)
  4 adders
  2 dart slugs
  9 orcs
  4 ball pythons
  9 bats
  4 endoplasms
  3 giant cockroaches
  16 goblins
  6 hobgoblins
  7 jackals (D:2)
  A quokka (D:1)
  A frilled lizard (D:1)
  6 kobolds
  2 rats
80 creatures vanquished.

Table legend:
 A = Non-vault XP
 B = Vault XP
 C = Vault XP percentage of total XP
 D = Non-vault monster count
 E = Vault monster count
 F = Vault count percentage of total count
                 A         B        C        D         E       F
            +---------+---------+-------+---------+---------+-------
      Total |     306 |     387 |  55.8 |      61 |      19 |  23.8
            +---------+---------+-------+---------+---------+-------
        D:1 |      22 |       0 |   0.0 |      12 |       0 |   0.0
        D:2 |      48 |       0 |   0.0 |      21 |       0 |   0.0
        D:3 |     123 |      96 |  43.8 |      23 |      15 |  39.5
        D:4 |     113 |     291 |  72.0 |       5 |       4 |  44.4
            +---------+---------+-------+---------+---------+-------

Illustrated notes

Table legend:
 A = Kills in this place as a percentage of kills in entire the game.
 B = Kills by you in this place as a percentage of kills by you in the entire game.
 C = Kills by friends in this place as a percentage of kills by friends in the entire game.
 D = Other kills in this place as a percentage of other kills in the entire game.
 E = Experience gained in this place as a percentage of experience gained in the entire game.
 F = Experience gained in this place divided by the number of levels of this place that you have seen.
                   A       B       C       D       E      F
               +-------+-------+-------+-------+-------+----------------------
         Total | 100.0 | 100.0 |   N/A |   N/A | 100.0 | 173.2
       Dungeon | 100.0 | 100.0 |   N/A |   N/A | 100.0 | 173.2
               +-------+-------+-------+-------+-------+----------------------

Table legend: (Time is in decaauts)
 A = Elapsed time spent in this place.
 B = Non-inter-level travel time spent in this place.
 C = Inter-level travel time spent in this place.
 D = Time resting spent in this place.
 E = Time spent auto-exploring this place.
 F = Levels seen in this place.
 G = Mean time per level.
                   A        B        C        D        E       F      G
               +--------+--------+--------+--------+--------+-----+--------+
         Total |   4284 |   4227 |     57 |   1644 |   2017 |   4 | 1071.0 |
       Dungeon |   4284 |   4227 |     57 |   1644 |   2017 |   4 | 1071.0 |
               +--------+--------+--------+--------+--------+-----+--------+

Top non-repeatable levels by time:
     D:3: 1923 daAuts
     D:2: 1321 daAuts
     D:1: 803 daAuts
     D:4: 237 daAuts
